 Dungeon Crawl Stone Soup version 0.19.1 (webtiles) character file.

210 lorenzova the Conjurer (level 5, 0/28 HPs)
             Began as a Deep Elf Conjurer on Dec 1, 2016.
             Killed by divine providence
             ... invoked by an orc priest
              (14 damage)
             ... on level 3 of the Dungeon.
             The game lasted 00:05:19 (2622 turns).

lorenzova the Conjurer (Deep Elf Conjurer)          Turns: 2622, Time: 00:05:19

Health: 0/28       AC:  6    Str:  5    XL:     5   Next: 56%
Magic:  9/15       EV: 13    Int: 21    God:
Gold:   134        SH:  0    Dex: 15    Spells: 2 memorised, 10 levels left

rFire  . . .     SeeInvis +     m - +0 short sword
rCold  . . .     Gourm    .     a - +0 robe
rNeg   . . .     Faith    .     (no shield)
rPois  .         Spirit   .     p - +0 hat
rElec  .         Reflect  .     w - +0 cloak
rCorr  .         Harm     .     l - +2 pair of gloves
MR     .....                    (no boots)
Stlth  ++........               (no amulet)
                                (no ring)
                                h - ring of see invisible

@: slowed, very slow
A: no striking features
a: no special abilities


You were on level 3 of the Dungeon.
You were not hungry.

You visited 1 branch of the dungeon, and saw 3 of its levels.

You collected 134 gold pieces.

Inventory:

Hand Weapons
 m - a +0 short sword (weapon)
Armour
 a - a +0 robe (worn)
 l - a +2 pair of gloves (worn)
 p - a +0 hat (worn)
 w - a +0 cloak (worn)
Jewellery
 h - a ring of see invisible (left hand)
Scrolls
 d - 2 scrolls of random uselessness {unknown}
 e - 4 scrolls of identify {unknown}
 g - 2 scrolls of teleportation {unknown}
 n - a scroll of enchant armour {unknown}
 t - a scroll of fear {unknown}
Potions
 f - a potion of brilliance {unknown}
 i - 2 potions of degeneration {unknown}
 j - 2 potions of heal wounds {unknown}
 k - a potion of invisibility {unknown}
 o - a potion of curing {unknown}
 q - a potion of berserk rage {unknown}
 r - a potion of lignification {unknown}
 u - a potion of haste {unknown}
Books
 b - a book of Conjurations

   Spells                             Type                      Level
   a - Magic Dart                     Conjuration                  1
   b - Searing Ray                    Conjuration                  2
   c - Dazzling Spray                 Conjuration/Hexes            3
   d - Fulminant Prism                Conjuration/Hexes            4
   e - Iskenderun's Mystic Blast      Conjuration                  4
   f - Iskenderun's Battlesphere      Conjuration/Charms           5
Comestibles
 c - 2 bread rations
 s - a meat ration
 v - 2 chunks of flesh


   Skills:
 - Level 2.4 Dodging
 - Level 2.4 Stealth
 + Level 5.8 Spellcasting
 + Level 6.3 Conjurations


You had 10 spell levels left.
You knew the following spells:

 Your Spells              Type           Power        Failure   Level  Hunger
a - Magic Dart            Conj           ####         1%          1    None
c - Iskenderun's Mystic   Conj           ####....     10%         4    ####...


Dungeon Overview and Level Annotations

Branches:
Dungeon (3/15)

Altars:
Gozag
Nemelex Xobeh
Okawaru
Trog
Uskayaw
Xom
Yredelemnul


Message History

Aiming: Magic Dart
Press: ? - help, Shift-Dir - straight line, f/p - orc wizard
Aim: an orc wizard, wielding a dagger and wearing a robe (almost dead)
The magic dart hits the orc wizard.
You kill the orc wizard!
An orc priest comes into view.
Casting: Magic Dart
Confirm with . or Enter, or press ? or * to list all spells.
Aiming: Magic Dart
Press: ? - help, Shift-Dir - straight line, f - orc priest
Aim: an orc priest (hasn't noticed you)
The magic dart hits the orc priest.
The orc priest is heavily wounded.
The orc priest shouts!
The orc priest looks encouraged for a moment.
There is a stone staircase leading up here.
The orc priest calls down the wrath of Beogh upon you.
Beogh smites you!
Ouch! That really hurt!
You die...

..............>##....#
##############.##(##.#
# #.##.##.# #
#.##.##.# #.......#
####.#### #.# ##.#
#@.# #..# #..# #..#
#).. #o### #.# #.# #.


You could see an orc priest.

Vanquished Creatures
  An orc wizard (D:3)
  Jessica (D:3)
  Natasha (D:3)
  6 adders
  2 worms (D:2)
  An orc (D:3)
  2 ball pythons (D:2)
  A giant cockroach (D:2)
  7 goblins
  7 hobgoblins
  10 jackals
  11 bats
  4 frilled lizards
  7 kobolds
  A leopard gecko skeleton (D:3)
  9 rats
71 creatures vanquished.

Notes
Turn   | Place    | Note
-------+----------+-------------------------------------------
     0 | D:1      | lorenzova the Deep Elf Conjurer began the quest for the Orb.
     0 | D:1      | Reached XP level 1. HP: 10/10 MP: 6/6
   251 | D:1      | Reached XP level 2. HP: 15/15 MP: 6/8
   865 | D:1      | Reached skill level 5 in Conjurations
   967 | D:1      | Reached XP level 3. HP: 19/19 MP: 7/10
  1610 | D:2      | Reached XP level 4. HP: 24/24 MP: 8/12
  1711 | D:2      | Learned a level 4 spell: Iskenderun's Mystic Blast
  1868 | D:2      | Reached skill level 5 in Spellcasting
  2180 | D:3      | Noticed Jessica
  2184 | D:3      | Killed Jessica
  2184 | D:3      | Reached XP level 5. HP: 28/28 MP: 9/14
  2290 | D:3      | Noticed Natasha
  2294 | D:3      | Killed Natasha
  2294 | D:3      | Reached skill level 6 in Conjurations
  2544 | D:3      | Found a bloodstained altar of Trog.
  2545 | D:3      | Found a sparkling altar of Nemelex Xobeh.
  2552 | D:3      | Found a hide-covered altar of Uskayaw.
  2554 | D:3      | Found a shimmering altar of Xom.
  2554 | D:3      | Found a basalt altar of Yredelemnul.
  2554 | D:3      | Found an opulent altar of Gozag.
  2555 | D:3      | Found an iron altar of Okawaru.
  2622 | D:3      | Killed from afar by an orc priest

Skill      XL: |  1  2  3  4  5 |
---------------+----------------+-----
Conjurations   | 5 6 |  6.3
Spellcasting   | 4 5 |  5.8
Dodging        | |  2.4
Stealth        | |  2.4

Action                   |  1- 3 |  4- 6 || total
-------------------------+-------+-------++-------
 Cast: Magic Dart        |    79 |    61 ||   140
  Eat: Chunk             |     2 |     3 ||     5
Armor: Robe              |     5 |     3 ||     8
Dodge: Dodged            |     2 |    10 ||    12
